 Dungeon Sprint DCSS version 0.17-a0-1468-gbf503c2 (webtiles) character file.

161 pulse the Skirmisher (level 5, -15/48 HPs)
             Began as a Formicid Berserker on July 1, 2015.
             Was a Priest of Trog.
             Demolished by a hill giant
             ... wielding a +0 giant spiked club
              (21 damage)
             ... in the Dungeon (Sprint IX: "|||||||||||||||||||||||||||||").
             The game lasted 00:01:45 (555 turns).

pulse the Skirmisher (Formicid Berserker)            Turns: 555, Time: 00:01:45

Health: -15/48     AC:  9    Str: 23    XL:     5   Next: 70%
Magic:  5/5        EV: 14    Int:  6    God:    Trog [***...]
Gold:   0          SH:  0    Dex: 13    Spells: 0 memorised, 4 levels left

rFire  . . .     SeeInvis +     q - +2 scimitar (holy)
rCold  . . .     Clarity  .     m - +1 scale mail
rNeg   . . .     SustAt   .     (no shield)
rPois  .         Gourm    .     (helmet unavailable)
rElec  .         Spirit   .     (no cloak)
rCorr  .         Warding  .     r - +0 pair of gloves
rMut   .         Stasis   +     (no boots)
MR     .....                    (no amulet)
Stlth  ..........               o - +3 ring of dexterity
                                n - +2 ring of evasion

@: invisible, not resistant to hostile enchantments, extremely unstealthy
A: permanent stasis, dig shafts and tunnels, four strong arms, antennae 3
a: Dig, Burn Spellbooks, Trog's Hand, Renounce Religion


You were in the Dungeon.
You worshipped Trog.
Trog was most pleased with you.
You were not hungry.

You visited 1 branch

Inventory:

Hand weapons
 q - a +2 scimitar of holy wrath (weapon)
Armour
 m - a +1 scale mail (worn)
 r - a +0 pair of gloves (worn)
Jewellery
 n - a +2 ring of evasion (left hand)
 o - a +3 ring of dexterity (right hand)
Magical devices
 l - a wand of fire (7)
Scrolls
 i - 2 scrolls of blinking
 k - 3 scrolls of remove curse
Potions
 e - a potion of heal wounds
 f - a potion of haste
 g - 4 potions of magic
 h - a potion of berserk rage
 j - 4 potions of curing
Comestibles
 c - a bread ration


   Skills:
 + Level 7.3 Fighting
 + Level 7.3 Long Blades
 + Level 3.8 Armour
 + Level 4.3 Dodging
 + Level 0.6 Stealth


You had 4 spell levels left.
You didn't know any spells.

Dungeon Overview and Level Annotations

Branches:
Dungeon (1/1)

Altars:
Cheibriados
Dithmenos
Elyvilon
Fedhas
Gozag
Kikubaaqudgha
Makhleb
Nemelex Xobeh
Okawaru
Qazlal
Ru
Sif Muna
Trog
Vehumet
Xom
Yredelemnul
Zin
The Shining One
Beogh
Jiyva
Lugonu


Innate Abilities, Weirdness & Mutations

You are under a permanent stasis effect.
You can dig through walls and to a lower floor.
Your four strong arms can wield two-handed weapons with a shield.
You have a pair of large antennae on your head (SInv).


Message History

The phantom misses you.
You hit the phantom but do no damage.
The phantom is moderately damaged.
The hill giant hits you with a giant spiked club!
* * * LOW HITPOINT WARNING * * *
The phantom hits you.
* * * LOW HITPOINT WARNING * * *
The phantom blinks!
Drink which item? (? for menu, Esc to quit)
You feel much better.
You slash the hill giant!
The hill giant is moderately wounded.
The hill giant hits you with a giant spiked club!!
* * * LOW HITPOINT WARNING * * *
Drink which item? (? for menu, Esc to quit)
You fade into invisibility!
The orc wizard casts a spell.
The orc wizard flickers and vanishes for a moment.
The hill giant hits you with a giant spiked club!!
You die... ▓▓▓▓▓▓▓▓▓▓▓▓▓▓▓▓▓▓▓▓▓▓▓▓▓▓▓▓▓▓▓▓▓ |?.'_____eo_rgWC@________'.....). ▓▓▓▓▓▓▓▓▓▓▓▓▓▓▓▓▓▓▓▓▓▓▓▓▓▓▓▓▓▓▓▓▓ { {{{{{{{{{ {{{{{{{{{

You could see a hill giant, a phantom, a deep elf mage, an orc wizard (invisible), a hobgoblin and a rat.

Vanquished Creatures
  An ogre (D)
  A scorpion (D)
  A worker ant (D)
  An orc (D)
  A giant cockroach (D)
  A goblin (D)
  A hobgoblin (D)
  A bat (D)
  A kobold (D)
  A quokka skeleton (D)
10 creatures vanquished.

Notes
Turn   | Place    | Note
--------------------------------------------------------------
     0 | D        | pulse the Formicid Berserker began the quest for the Orb.
     0 | D        | Reached XP level 1. HP: 18/18 MP: 1/1
    12 | D        | Acquired Trog's second power
    12 | D        | Reached skill level 4 in Fighting
   207 | D        | Noticed a scorpion
   207 | D        | Noticed an ogre
   207 | D        | Noticed a worker ant
   209 | D        | Reached XP level 2. HP: 13/26 MP: 2/2
   218 | D        | Killed a worker ant
   218 | D        | Reached skill level 5 in Fighting
   218 | D        | Reached skill level 5 in Long Blades
   218 | D        | Reached XP level 3. HP: 19/33 MP: 3/3
   224 | D        | Killed an ogre
   224 | D        | Reached skill level 6 in Fighting
   224 | D        | Reached XP level 4. HP: 21/41 MP: 4/4
   224 | D        | Reached XP level 5. HP: 24/47 MP: 5/5
   233 | D        | Killed a scorpion
   233 | D        | Reached skill level 7 in Fighting
   452 | D        | Found a glowing silver altar of Zin.
   452 | D        | Found a glowing golden altar of the Shining One.
   452 | D        | Found an ancient bone altar of Kikubaaqudgha.
   452 | D        | Found a basalt altar of Yredelemnul.
   452 | D        | Found a shimmering altar of Xom.
   452 | D        | Found a radiant altar of Vehumet.
   453 | D        | Found an iron altar of Okawaru.
   454 | D        | Found a burning altar of Makhleb.
   455 | D        | Found a deep blue altar of Sif Muna.
   456 | D        | Found a bloodstained altar of Trog.
   457 | D        | Found a sparkling altar of Nemelex Xobeh.
   458 | D        | Found a white marble altar of Elyvilon.
   459 | D        | Found a roughly hewn altar of Beogh.
   460 | D        | Found a viscous altar of Jiyva.
   461 | D        | Found a corrupted altar of Lugonu.
   462 | D        | Found a blossoming altar of Fedhas.
   463 | D        | Found a snail-covered altar of Cheibriados.
   464 | D        | Found a shadowy altar of Dithmenos.
   465 | D        | Found a stormy altar of Qazlal.
   466 | D        | Found an opulent altar of Gozag.
   467 | D        | Found a sacrificial altar of Ru.
   528 | D        | Noticed a deep elf mage
   528 | D        | Noticed an orc wizard
   528 | D        | Noticed a phantom
   528 | D        | Noticed a hill giant
   555 | D        | Demolished by a hill giant

Vault maps used:
D:        linesprint

Action                   |  1- 3 |  4- 6 || total
-------------------------+-------+-------++-------
Melee: Falchion          |    34 |     9 ||    43
       Scimitar          |       |     3 ||     3
  Use: Potion            |     2 |     2 ||     4
